 Dungeon Crawl Stone Soup version 0.19.5 (webtiles) character file.

84 tricornhat the Cudgeler (level 4, 0/35 HPs)
             Began as a Demonspawn Berserker on Apr 23, 2017.
             Was a Believer of Trog.
             Succumbed to Robin's poison
             ... on level 2 of the Dungeon.
             The game lasted 00:08:14 (2507 turns).

tricornhat the Cudgeler (Demonspawn Berserker)      Turns: 2507, Time: 00:08:14

Health: 0/35       AC:  2    Str: 24    XL:     4   Next: 24%
Magic:  4/4        EV: 12    Int:  8    God:    Trog [**....]
Gold:   57         SH:  0    Dex: 12    Spells: 0 memorised, 3 levels left

rFire  . . .     SeeInvis .     a - +1 mace
rCold  . . .     Gourm    .     b - +0 animal skin
rNeg   . . .     Faith    .     (no shield)
rPois  .         Spirit   .     (no helmet)
rElec  .         Reflect  .     (no cloak)
rCorr  .         Harm     .     (no gloves)
MR     .....                    (no boots)
Stlth  ++........               (no amulet)
                                (no ring)
                                (no ring)

@: mighty, lethally poisoned (0 -> -11), exhausted, slowed, drained, very slow
A: nightstalker 1
a: Berserk, Trog's Hand, Burn Spellbooks, Renounce Religion


You were on level 2 of the Dungeon.
You worshipped Trog.
Trog was pleased with you.
You were very hungry.

You visited 1 branch of the dungeon, and saw 2 of its levels.

You collected 57 gold pieces.

Inventory:

Hand Weapons
 a - a +1 mace (weapon)
Armour
 b - a +0 animal skin (worn)
Jewellery
 i - an uncursed ring of positive energy {unknown}
Potions
 d - a potion of might
 e - 3 potions of curing {unknown}
 j - 2 potions of haste {unknown}
Comestibles
 c - 2 bread rations
 f - a chunk of flesh
 l - 2 meat rations
 m - a slice of pizza


   Skills:
 + Level 3.4(3.3) Fighting
 * Level 3.6 Maces & Flails
 + Level 2.0(1.9) Armour
 + Level 2.4(2.3) Dodging
 + Level 1.0(0.9) Stealth


You had 3 spell levels left.
You didn't know any spells.

Dungeon Overview and Level Annotations

Branches:
Dungeon (2/15)

Altars:


Innate Abilities, Weirdness & Mutations

You are slightly more attuned to the shadows.


Message History

You feel sick.
You sock Robin!
You kill Robin!
Trog accepts your kill.
* * * LOW HITPOINT WARNING * * *
You feel sick.
Items here: ) [[ † a whip of venom; an animal skin; a helmet; the hobgoblin corpse of Robin
There is a lethal amount of poison in your body!
There is a lethal amount of poison in your body!
There is a lethal amount of poison in your body!
There is a lethal amount of poison in your body!
You are too berserk!
You feel a strong urge to attack something.
* * * LOW HITPOINT WARNING * * *
You feel sick.
You are no longer berserk.
You are exhausted.
You feel yourself slow down.
You die...

#. .# % .# .# #K
#.# ...#r###..#
###### ##.g..g#.#
...... .......J.#
.# ######
#######.##.# #
##########....#
#######
#.†.!@.....####
....÷.#
#.####........#
#####.# ##.##
#.######.# # ##.##
##...###.# #
####<#.###.....##.#
....###...........#
####.#.###.....####
#.# ##...## #.
##.##


There were no monsters in sight!

Vanquished Creatures
  Robin (D:2)
  An adder (D:2)
  An ooze (D:2)
  2 worms (D:2)
  3 dart slugs (D:1)
  A leopard gecko (D:1)
  2 giant cockroaches
  9 goblins
  4 hobgoblins
  A quokka (D:2)
  8 bats
  4 frilled lizards
  6 kobolds
  6 rats
49 creatures vanquished.

Notes
Turn   | Place    | Note
-------+----------+-------------------------------------------
     0 | D:1      | tricornhat the Demonspawn Berserker began the quest for the Orb.
     0 | D:1      | Reached XP level 1. HP: 18/18 MP: 1/1
   261 | D:1      | Gained mutation: You are slightly more attuned to the shadows. [demonic ancestry]
   261 | D:1      | Reached XP level 2. HP: 24/24 MP: 2/2
  1105 | D:1      | Reached XP level 3. HP: 21/29 MP: 3/3
  1171 | D:1      | Reached ** piety under Trog
  1994 | D:2      | Reached skill level 1 in Stealth
  2469 | D:2      | Noticed Robin
  2493 | D:2      | Reached XP level 4. HP: 13/35 MP: 4/4
  2504 | D:2      | Killed Robin
  2504 | D:2      | HP: 2/52 [poisoned by Robin]
  2507 | D:2      | Succumbed to Robin's poison

Skill      XL: |  1  2  3 |
---------------+----------+-----
Armour         | 2 |  2.0
Dodging        | 2 |  2.4
Maces & Flails | 3 |  3.6
Stealth        | 1 |  1.0
Fighting       | |  3.4

Action                   |  1- 3 |  4- 6 || total
-------------------------+-------+-------++-------
Melee: Mace              |   169 |     9 ||   178
Invok: Berserk           |       |     1 ||     1
  Use: Scroll            |     5 |       ||     5
       Potion            |     1 |       ||     1
 Stab: Sleeping          |     5 |       ||     5
  Eat: Chunk             |     5 |       ||     5
Armor: Animal skin       |    39 |     1 ||    40
Dodge: Dodged            |   138 |     5 ||   143
